 Dungeon Crawl Stone Soup version 0.23-a0-586-gacb4b3f (webtiles) character file.

162 galech the Covered (level 5, -5/41 HPs)
             Began as a Demonspawn Fighter on Dec 19, 2018.
             Slain by Grinder (8 damage)
             ... on level 3 of the Dungeon.
             The game lasted 00:02:27 (1770 turns).

galech the Covered (Demonspawn Fighter)             Turns: 1770, Time: 00:02:28

Health: -5/41      AC:  6    Str: 16    XL:     5   Next: 19%
Magic:  5/5        EV:  5    Int:  9    God:
Gold:   152        SH: 13    Dex: 14    Spells: 4/4 levels left

rFire    . . .     SeeInvis .   t - +0 hand axe (flame)
rCold    . . .     Gourm    .   d - +0 large shield
rNeg     + . .     Faith    .   b - +0 scale mail
rPois    .         Spirit   .   (no helmet)
rElec    .         Reflect  .   (no cloak)
rCorr    .         Harm     .   (no gloves)
MR       .....                  (no boots)
Stlth    ..........             (no amulet)
HPRegen  0.13/turn              o - ring of positive energy
MPRegen  0.09/turn              (no ring)

@: no status effects
A: claws 1, powered by pain 1
a: no special abilities


You were on level 3 of the Dungeon.
You were not hungry.

You visited 1 branch of the dungeon, and saw 3 of its levels.

You collected 152 gold pieces.

Inventory:

Hand Weapons
 a - a +0 war axe
 t - a +0 hand axe of flaming (weapon)
Armour
 b - a +0 scale mail (worn)
 c - a +0 shield
 d - a +0 large shield (worn)
Jewellery
 o - a ring of positive energy (left claw)
Scrolls
 h - 2 scrolls of teleportation
 i - a scroll of magic mapping
 j - a scroll of identify
 l - 3 scrolls of remove curse
 m - a scroll of blinking
 n - a scroll of random uselessness {unknown}
 q - a scroll of fear {unknown}
 r - 2 scrolls of enchant armour {unknown}
 s - a scroll of noise {unknown}
Potions
 e - a potion of lignification {unknown}
 k - a potion of haste {unknown}
 p - a potion of heal wounds {unknown}
Comestibles
 f - 5 rations


   Skills:
 + Level 3.4 Fighting
 + Level 3.1 Axes
 + Level 3.5 Armour
 + Level 1.0 Dodging
 + Level 0.2 Stealth
 + Level 3.4 Shields


You had 4 spell levels left.
You didn't know any spells.
Your spell library was empty.

Dungeon Overview and Level Annotations

Branches:
Dungeon (3/15)

Altars:

Annotations:
D:3 Grinder


Innate Abilities, Weirdness & Mutations

You have sharp fingernails.
You sometimes gain a little power by taking damage.


Message History

Pain shoots through your body!
* * * LOW HITPOINT WARNING * * *
Grinder blinks!
You hit Grinder. You burn Grinder.
Grinder is severely wounded.
You block Grinder's attack. Grinder hits you.
* * * LOW HITPOINT WARNING * * *
You hit Grinder. You burn Grinder.
Grinder is almost dead.
You block Grinder's attack.
You completely miss Grinder.
Grinder is almost dead.
You block Grinder's attack.
You closely miss Grinder.
Grinder is almost dead.
Grinder gestures at you. Pain shoots through your body!
* * * LOW HITPOINT WARNING * * *
Grinder hits you!
You die...

#..#####.##.#.##
#.........#.#.#
##.########(#.#
#.# #.#.# #.#
#.#.# #.#
#.#.##### #.#
#.#......
#.########.#######
#@5........#
#[########## ###


You could see Grinder.

Vanquished Creatures
  An ogre (D:2)
  An adder (D:2)
  An ooze (D:1)
  2 dart slugs
  2 leopard geckos
  2 orcs (D:3)
  3 giant cockroaches
  2 goblins (D:1)
  7 hobgoblins
  4 jackals (D:2)
  5 kobolds
  3 ball pythons (D:1)
  9 bats
  3 frilled lizards
  9 rats
54 creatures vanquished.

Notes
Turn   | Place    | Note
-------+----------+-------------------------------------------
     0 | D:1      | galech the Demonspawn Fighter began the quest for the Orb.
     0 | D:1      | Reached XP level 1. HP: 18/18 MP: 1/1
   150 | D:1      | Gained mutation: You sometimes gain a little power by
                  | taking damage. [demonic ancestry]
   150 | D:1      | Reached XP level 2. HP: 24/24 MP: 2/2
   677 | D:2      | Reached XP level 3. HP: 19/29 MP: 3/3
  1046 | D:2      | Noticed an ogre
  1056 | D:2      | Killed an ogre
  1056 | D:2      | Gained mutation: You have sharp fingernails. [demonic
                  | ancestry]
  1056 | D:2      | Reached XP level 4. HP: 29/35 MP: 4/4
  1126 | D:2      | Reached XP level 5. HP: 36/41 MP: 5/5
  1319 | D:2      | Reached skill level 1 in Dodging
  1746 | D:3      | Noticed Grinder
  1752 | D:3      | Paralysed by Grinder for 3 turns
  1770 | D:3      | Slain by Grinder

Vault maps used:
D:1:      onia_arrival_mini_spirals
D:2:      first_ration
D:3:      uniq_grinder

Skill      XL: |  1  2  3  4  5 |
---------------+----------------+-----
Armour         | 3 |  3.5
Axes           | 2 3 |  3.1
Shields        | 3 |  3.4
Dodging        | 1 |  1.0
Fighting       | |  3.4
Stealth        | |  0.2

Action                   |  1- 3 |  4- 6 || total
-------------------------+-------+-------++-------
Melee: War axe           |   119 |    83 ||   202
       Hand axe          |       |    17 ||    17
  Use: Potion            |     1 |       ||     1
       Scroll            |       |     4 ||     4
  Eat: Chunk             |     1 |     2 ||     3
Armor: Scale mail        |    71 |    57 ||   128
Dodge: Dodged            |    41 |    23 ||    64
Block: Shield            |    64 |     4 ||    68
       Large shield      |       |    63 ||    63

Table legend:
 A = Non-vault XP
 B = Vault XP
 C = Vault XP percentage of total XP
 D = Non-vault monster count
 E = Vault monster count
 F = Vault count percentage of total count
                 A         B        C        D         E       F
            +---------+---------+-------+---------+---------+-------
      Total |     232 |       0 |   0.0 |      54 |       0 |   0.0
            +---------+---------+-------+---------+---------+-------
        D:1 |      39 |       0 |   0.0 |      22 |       0 |   0.0
        D:2 |     179 |       0 |   0.0 |      26 |       0 |   0.0
        D:3 |      14 |       0 |   0.0 |       6 |       0 |   0.0
            +---------+---------+-------+---------+---------+-------
